cohdb
Replays
Latest Replays
All Replays
Popular Replays
Top Player Replays
Match Explorer
How It Works
Community
CoH3 Stats
Reddit
Sign in to upload your games and track your stats! →
Sign in with Steam
Match 43949420
Unlisted
Match 43949420
Overview
Messages
Build Orders
End
Kettenkrad Recon Vehicle
Construct Infanterie Kompanie
Selects Mechanized Battlegroup
MG 42 Machine Gun Team
Grenadier Squad
Grenadier Squad
Construct Panzergrenadier Kompanie
GrW 34 Mortar Team
MG 42 Machine Gun Team
Selects Raid Package
251 Medium Carrier
MG 42 Bunker
Support Elements
MG 42 Bunker
StuG III G Assault Gun
StuG III G Assault Gun
Construct Panzer Kompanie
Selects 8 Rad Armored Car
Selects UNKNOWN (2160084)
Selects Mobile Repair Stations
Sturmpanzer IV Brummbär
Selects Wespe Self-propelled Artillery
Selects Zeroing Artillery Barrage
Zeroing Artillery Barrage
Panther Heavy Tank
Zeroing Artillery Barrage
Panther Heavy Tank
Pioneer Squad
Panther Heavy Tank
Zeroing Artillery Barrage
Panther Heavy Tank
Panzer Officer Quarters
Fratley
skyhawkfranky
Cicero_540
woof_raff
Starlight
Friendly Mouse(Poxie)
0
0
Comments
sign in to comment!
No comments posted yet!